 Dungeon Crawl Stone Soup version 0.19.0-19-g8c6edcc (webtiles) character file.

127415 lorenzova the Warrior (level 16, -13/243 HPs)
             Began as a Minotaur Fighter on Nov 13, 2016.
             Was the Champion of Okawaru.
             Mangled by an emperor scorpion (33 damage)
             ... on level 4 of the Spider Nest.
             The game lasted 01:15:38 (27298 turns).

lorenzova the Warrior (Minotaur Fighter)           Turns: 27298, Time: 01:15:39

Health: -13/243    AC: 18    Str: 48    XL:     16   Next: 46%
Magic:  4/22       EV: 22    Int:  5    God:    Okawaru [******]
Gold:   2271       SH: 16    Dex: 21    Spells: 0 memorised, 15 levels left

rFire  . . .     SeeInvis +     X - +1 broad axe of Okawaru's Supremacy {chop, rPois rC- Str+5 Stlth+}
rCold  . . .     Gourm    +     G - +2 ring mail of the Republic {rC+ Regen+ Dex+4}
rNeg   . . .     Faith    .     W - +0 shield {reflect}
rPois  +         Spirit   .     (helmet restricted)
rElec  .         Reflect  +     w - +1 cloak
rCorr  +         Harm     .     i - +2 pair of gloves {Str+3}
MR     +....     NoTele   +     Y - +0 pair of boots of the Pure Planets {rCorr Slay+3}
Stlth  ..........               e - amulet of Fujohy {Gourm -Tele Str+7 Dex+3}
                                v - +2 ring of strength
                                J - ring of see invisible

@: berserking (expiring), very quick
A: retaliatory headbutt, horns 2, strong 1
a: Heroism, Finesse, Renounce Religion


You were on level 4 of the Spider Nest.
You worshipped Okawaru.
Okawaru was exalted by your worship.
You were full.

You visited 5 branches of the dungeon, and saw 24 of its levels.
You also visited: Labyrinth.

You collected 2680 gold pieces.
You spent 409 gold pieces at shops.

Inventory:

Hand Weapons
 o - a +1 eveningstar of crushing
 D - a +1 flail of protection
 S - the +12 hand axe of Equilibrium {antimagic, rPois}
   (You found it on level 4 of the Lair of Beasts)

   It reduces the magical energy of the wielder, and disrupts the spells and
   magical abilities of those hit.
   Natural abilities and divine invocations are not affected.
   It protects you from poison.
 X - the +1 broad axe of Okawaru's Supremacy (weapon) {chop, rPois rC- Str+5 Stlth+}
   (Okawaru gifted it to you on level 4 of the Spider Nest)

   It inflicts extra damage upon your enemies.
   It affects your strength (+5).
   It makes you vulnerable to cold.
   It protects you from poison.
   It makes you more stealthy.
Armour
 b - the +1 scale mail "Hotiapn" {rElec Slay+2}
   (You found it on level 1 of the Lair of Beasts)

   It affects your accuracy and damage with ranged weapons and melee attacks
   (+2).
   It insulates you from electricity.
 i - a +2 pair of gloves of strength (worn)
 w - a +1 cloak (worn)
 B - a +0 shield
 G - the +2 ring mail of the Republic (worn) {rC+ Regen+ Dex+4}
   (Okawaru gifted it to you on level 2 of the Orcish Mines)

   It affects your dexterity (+4).
   It protects you from cold.
   It increases your rate of regeneration.
 W - a +0 shield of reflection (worn)
 Y - the +0 pair of boots of the Pure Planets (worn) {rCorr Slay+3}
   (Okawaru gifted it to you on level 11 of the Dungeon)

   It affects your accuracy and damage with ranged weapons and melee attacks
   (+3).
   It protects you from acid and corrosion.
Rods
 a - a +6 iron rod (13/13)
   (You took it off a minotaur in a labyrinth)
Jewellery
 c - an uncursed ring of positive energy
 e - the amulet of Fujohy (around neck) {Gourm -Tele Str+7 Dex+3}
   (You acquired it on level 1 of the Lair of Beasts)

   [amulet of the gourmand]

   It allows you to eat raw meat even when not hungry.
   It affects your strength (+7).
   It affects your dexterity (+3).
   It prevents most forms of teleportation.
 v - a +2 ring of strength (right hand)
 J - a ring of see invisible (left hand)
Wands
 r - a wand of lightning (10/15)
 z - a wand of digging (6/24)
 E - a wand of confusion (26/48)
 H - a wand of flame (26/48)
 K - a wand of lightning (8/15)
 M - a wand of disintegration (4/24)
 V - a wand of confusion (33/48)
Scrolls
 h - 5 scrolls of enchant armour
 m - 5 scrolls of teleportation
 n - 2 scrolls of blinking
 q - 2 scrolls of enchant weapon
 t - a scroll of magic mapping
 x - a scroll of amnesia
 y - 5 scrolls of recharging
 A - 3 scrolls of identify
 L - a scroll of vulnerability
 P - 3 scrolls of remove curse
 Z - a scroll of fear
Potions
 d - 3 potions of might
 j - 8 potions of curing
 k - 4 potions of flight
 l - 2 potions of lignification
 s - 2 potions of haste
 u - 6 potions of brilliance
 C - a potion of invisibility {unknown}
 F - 4 potions of magic
 I - a potion of cancellation {unknown}
 N - a potion of resistance {unknown}
 R - 2 potions of mutation
Miscellaneous
 T - a lamp of fire
Comestibles
 f - 11 bread rations
 g - 7 meat rations
 O - 5 slices of pizza
 Q - 12 fruits
 U - a beef jerky


   Skills:
 + Level 20.0 Fighting
 * Level 9.2 Axes
 * Level 14.9 Armour
 + Level 12.6 Dodging
 * Level 11.0 Shields
 - Level 9.5 Invocations
 - Level 8.9 Evocations


You had 15 spell levels left.
You didn't know any spells.

Dungeon Overview and Level Annotations

Branches:
Dungeon (11/15)            Temple (1/1) D:7            Lair (6/6) D:10
 Shoals (0/4) Lair:4       Spider (4/4) Lair:2        Slime (0/5) Lair:6
    Orc (2/2) D:9             Elf (0/3) Orc:2

Altars:
Ashenzari
Cheibriados
Dithmenos
Elyvilon
Fedhas
Gozag
Hepliaklqana
Kikubaaqudgha
Makhleb
Nemelex Xobeh
Okawaru
Qazlal
Ru
Sif Muna
Trog
Uskayaw
Vehumet
Xom
Yredelemnul
Zin
The Shining One
Beogh
Jiyva

Shops:
Orc:1 [   Orc:2 :(*[


Innate Abilities, Weirdness & Mutations

You reflexively headbutt those who attack you in melee.
You have a pair of horns on your head.
Your muscles are strong. (Str +2)


Message History

You miss the emperor scorpion.
Your headbutt misses the emperor scorpion.
The emperor scorpion is moderately wounded.
You slice the wolf spider!!
You kill the wolf spider!
Okawaru accepts your kill. The emperor scorpion stings you!!
* * * LOW HITPOINT WARNING * * *
The emperor scorpion closely misses you.
The emperor scorpion claws you but does no damage.
A ghost moth comes into view.
You barely miss the emperor scorpion.
The emperor scorpion is moderately wounded.
You barely miss the tarantella.
The emperor scorpion closely misses you.
You furiously retaliate!
You headbutt the emperor scorpion, but do no damage.
You block the emperor scorpion's attack. x2
The tarantella misses you. The emperor scorpion stings you!!
You die...

....#..###......##
##....^..##
..[##..##..##..##
####...##
..##..####.^#.##
##.##
.##^..###...###
###### ###
.....##....##
#....##
.......^^..#
##.≈...##
####.[^..^##
#.≈.≈...##
###...##.##
#≈...≈...#
..##..####
#@###..≈.# .^#####
#ss# #^...# .)#
#^.y# ##...# ..#
#.ss. #...# ..#
#≈... #^≈.# .##
≈..... #.†^# ##
#.≈≈.≈y ##..## ##
≈..#.≈≈≈ #...# .#
#...#


You could see an emperor scorpion (berserk), a ghost moth (invisible), a moth of
wrath, an orb spider and 2 tarantellas.

Vanquished Creatures
  Kirke (Spider:2)
  Frances (Spider:1)
  Donald (Spider:3)
  2 orc warlords (Orc:2)
  4 ghost moths
  6 emperor scorpions (Spider:4)
  2 entropy weavers
  Josephine (Orc:2)
  A minotaur (Lab)
  Fannar (Lair:1)
  7 hydras
  2 catoblepae (Lair:6)
  3 death yaks (Lair:6)
  5 orc high priests (Orc:2)
  A fire crab (Lair:6)
  Nergalle (D:11)
  5 skeletal warriors (D:11)
  A hill giant (D:9)
  Pikel (D:7)
  3 orc knights (Orc:2)
  12 orb spiders
  20 wolf spiders
  5 manticores
  3 orc sorcerers (Orc:2)
  A moth of wrath (Spider:3)
  6 elephants
  2 black mambas
  Maurice (D:11)
  The ghost of aggelon the Archer, a novice CeHu of Elyvilon (D:4)
  A torpor snail (Spider:4)
  The ghost of dobroeutro the Archer, a novice CeHu of Okawaru (D:5)
  8 spiny frogs
  9 demonic crawlers
  8 komodo dragons
  8 rime drakes
  7 trolls
  Grinder (D:6)
  6 polar bears
  27 jumping spiders
  2 hornets
  5 two-headed ogres
  8 blink frogs (Lair:3)
  17 hippogriffs
  26 dream sheep
  60 redbacks
  A vampire (D:9)
  9 wyverns
  6 wraiths
  28 tarantellas
  9 basilisks
  32 yaks
  2 hungry ghosts
  Eustachio (D:4)
  4 hogs (Spider:2)
  6 wargs
  Menkaure (D:6)
  11 water moccasins
  4 hell hounds
  A soldier ant (D:8)
  10 porcupines
  2 sky beasts
  Duvessa (D:4)
  38 orc warriors
  2 phantoms
  2 ice beasts
  A hornet zombie (D:8)
  2 black bears
  7 ogres
  2 necrophages
  The ghost of Mlkhall the Magician, an amateur DrWz (D:3)
  6 wolves
  9 centaurs
  13 crocodiles
  10 bullfrogs
  3 big kobolds
  A water moccasin zombie (D:9)
  Dowan (D:4)
  A wyvern zombie (D:10)
  A wyvern skeleton (D:11)
  5 scorpions
  13 wights
  11 killer bees
  7 howler monkeys
  An electric eel (Lair:4)
  2 crimson imps
  2 quasits
  A gnoll shaman (D:9)
  2 bullfrog skeletons
  21 orc priests
  Crazy Yiuf (D:3)
  5 hounds
  3 jellies
  41 orc wizards
  3 centaur skeletons
  5 iguanas
  12 hell rats
  13 worker ants
  3 hound skeletons
  A worker ant zombie (D:9)
  Robin (D:4)
  17 adders
  8 gnolls
  A howler monkey skeleton (D:5)
  15 river rats
  5 shadow imps
  An ooze (D:5)
  An adder zombie (D:8)
  An adder skeleton (D:4)
  4 worms
  6 leopard geckos
  116 orcs
  7 bats
  7 giant cockroaches
  13 goblins
  3 hobgoblins
  12 jackals
  3 quokkas
  2 ball pythons
  3 frilled lizards
  21 kobolds
  A leopard gecko skeleton (D:4)
  A quokka skeleton (D:6)
  15 rats
  4 fungi
  A plant (Lair:4)
943 creatures vanquished.

Vanquished Creatures (others)
  A tarantella (Spider:3)
  A human (Spider:3)
  A water moccasin (Lair:6)
  2 fungi (Lair:6)
  3 plants (Lair:6)
8 creatures vanquished.

Grand Total: 951 creatures vanquished

Notes
Turn   | Place    | Note
-------+----------+-------------------------------------------
     0 | D:1      | lorenzova the Minotaur Fighter began the quest for the Orb.
     0 | D:1      | Reached XP level 1. HP: 19/19 MP: 0/0
    94 | D:1      | Reached XP level 2. HP: 21/27 MP: 1/1
   338 | D:1      | Reached skill level 4 in Fighting
   470 | D:2      | Reached XP level 3. HP: 33/34 MP: 2/2
   552 | D:2      | Reached XP level 4. HP: 22/41 MP: 3/3
  1015 | D:2      | Reached skill level 5 in Fighting
  1171 | D:3      | Found a runed door.
  1381 | D:3      | Reached skill level 5 in Armour
  1381 | D:3      | Reached XP level 5. HP: 48/48 MP: 4/4
  1419 | D:3      | Noticed Mlkhall's ghost (amateur DrWz)
  1427 | D:3      | Killed Mlkhall's ghost
  1427 | D:3      | Reached skill level 6 in Fighting
  1498 | D:3      | Reached XP level 6. HP: 56/57 MP: 5/5
  1743 | D:3      | Noticed Crazy Yiuf
  1752 | D:3      | Paralysed by Crazy Yiuf for 6 turns
  1758 | D:3      | Killed Crazy Yiuf
  1758 | D:3      | Reached skill level 5 in Shields
  2121 | D:4      | Noticed Eustachio
  2167 | D:4      | Killed Eustachio
  2167 | D:4      | Reached skill level 7 in Fighting
  2259 | D:4      | Found a shadowy altar of Dithmenos.
  2326 | D:4      | Noticed Robin
  2346 | D:4      | Killed Robin
  2346 | D:4      | Reached XP level 7. HP: 62/66 MP: 6/6
  2404 | D:4      | Noticed aggelon's ghost (novice CeHu)
  2408 | D:4      | Noticed Duvessa
  2415 | D:4      | Killed aggelon's ghost
  2415 | D:4      | Reached skill level 8 in Fighting
  2417 | D:4      | Noticed Dowan
  2425 | D:4      | Killed Duvessa
  2425 | D:4      | Reached XP level 8. HP: 59/75 MP: 7/7
  2440 | D:4      | Killed Dowan
  2440 | D:4      | Reached skill level 9 in Fighting
  2635 | D:4      | Found a sparkling altar of Nemelex Xobeh.
  3205 | D:5      | Entered Level 5 of the Dungeon
  3205 | D:5      | Noticed dobroeutro's ghost (novice CeHu)
  3461 | D:5      | Found a deep blue altar of Sif Muna.
  3642 | D:5      | Reached skill level 10 in Fighting
  3872 | D:5      | Killed dobroeutro's ghost
  3872 | D:5      | Reached XP level 9. HP: 70/86 MP: 8/8
  4334 | D:6      | Noticed Menkaure
  4516 | D:6      | Killed Menkaure
  4516 | D:6      | Reached skill level 11 in Fighting
  4644 | D:6      | Noticed Grinder
  4663 | D:6      | Killed Grinder
  4870 | D:6      | Found an opulent altar of Gozag.
  4985 | D:6      | Found a bloodstained altar of Trog.
  5088 | D:7      | Noticed Pikel
  5185 | D:7      | Reached skill level 12 in Fighting
  5294 | D:7      | Found a staircase to the Ecumenical Temple.
  5303 | Temple   | Entered the Ecumenical Temple
  5530 | Temple   | Became a worshipper of Warmaster Okawaru
  5630 | D:7      | Killed Pikel
  5630 | D:7      | Reached XP level 10. HP: 84/99 MP: 9/9
  6012 | D:8      | Reached * piety under Okawaru
  6782 | D:8      | Reached skill level 13 in Fighting
  6793 | D:8      | Reached skill level 10 in Armour
  6997 | D:8      | Reached ** piety under Okawaru
  7026 | D:8      | Reached skill level 1 in Dodging
  7991 | D:9      | Noticed a hill giant
  8001 | D:9      | Killed a hill giant
  8001 | D:9      | Reached *** piety under Okawaru
  8001 | D:9      | Reached skill level 5 in Axes
  8134 | D:9      | Found a staircase to the Orcish Mines.
  8143 | D:9      | Reached XP level 11. HP: 104/107 MP: 10/10
  8700 | D:10     | Entered Level 10 of the Dungeon
  8700 | D:10     | Found a staircase to the Lair.
  8901 | D:10     | Reached skill level 5 in Dodging
  9084 | D:10     | Reached **** piety under Okawaru
  9164 | D:10     | Gained mutation: Your muscles are strong. (Str +2) [potion of beneficial mutation]
  9517 | D:10     | Reached ***** piety under Okawaru
  9549 | D:10     | Reached skill level 14 in Fighting
  9732 | D:11     | Got a faintly glowing battleaxe
  9740 | D:11     | Identified the cursed +1 battleaxe of Tumult {venom, Stlth+} (You found it on level 11 of the Dungeon)
  9754 | D:11     | Noticed Nergalle
  9773 | D:11     | Killed Nergalle
  9773 | D:11     | Reached skill level 1 in Invocations
  9773 | D:11     | Reached skill level 1 in Evocations
  9958 | D:11     | Noticed a skeletal warrior
  9958 | D:11     | Noticed a skeletal warrior
  9958 | D:11     | Noticed a skeletal warrior
  9958 | D:11     | Noticed a skeletal warrior
  9974 | D:11     | Noticed Maurice
  9975 | D:11     | Killed a skeletal warrior
  9977 | D:11     | Killed a skeletal warrior
  9979 | D:11     | Killed Maurice
  9993 | D:11     | Noticed a skeletal warrior
 10003 | D:11     | Killed a skeletal warrior
 10003 | D:11     | Received a gift from Okawaru
 10010 | D:11     | Killed a skeletal warrior
 10010 | D:11     | Reached XP level 12. HP: 48/118 MP: 11/13
 10149 | D:11     | Got a pair of ichor-stained boots {god gift}
 10160 | D:11     | Identified the +0 pair of boots of the Pure Planets {rCorr Slay+3} (Okawaru gifted it to you on level 11 of the Dungeon)
 10412 | Lair:1   | Entered Level 1 of the Lair of Beasts
 10557 | Lair:1   | Reached skill level 15 in Fighting
 10940 | Lair:1   | Noticed Fannar
 10952 | Lair:1   | Killed Fannar
 10958 | Lair:1   | Got a distressingly furry scale mail
 10970 | Lair:1   | Identified the +1 scale mail "Hotiapn" {rElec Slay+2} (You found it on level 1 of the Lair of Beasts)
 11439 | Lair:1   | Identified a scroll of acquirement
 11442 | Lair:1   | Got a serpentine amethyst amulet
 11859 | Lair:2   | Found a hole to the Spider Nest.
 12438 | Lair:3   | Identified the amulet of Fujohy {Gourm -Tele Str+7 Dex+3} (You acquired it on level 1 of the Lair of Beasts)
 12587 | Lair:3   | Received a gift from Okawaru
 12592 | Lair:3   | Reached ****** piety under Okawaru
 13445 | Lair:3   | Reached skill level 16 in Fighting
 13566 | Orc:1    | Entered Level 1 of the Orcish Mines
 13568 | Orc:1    | Reached skill level 5 in Evocations
 13575 | Orc:1    | Reached XP level 13. HP: 120/128 MP: 15/15
 13621 | Orc:1    | Found Ziolaweg's Antique Armour Emporium.
 13726 | Orc:1    | Found a runed door.
 13896 | Orc:1    | Found a roughly hewn altar of Beogh.
 13961 | Orc:2    | Entered Level 2 of the Orcish Mines
 13967 | Orc:2    | Reached skill level 5 in Invocations
 14389 | Orc:2    | Noticed an orc warlord
 14401 | Orc:2    | Killed an orc warlord
 14725 | Orc:2    | Found a staircase to the Elven Halls.
 14759 | Orc:2    | Noticed an orc warlord
 15189 | Orc:2    | Killed an orc warlord
 15673 | Orc:2    | Received a gift from Okawaru
 15909 | Orc:2    | Noticed Josephine
 15925 | Orc:2    | Killed Josephine
 15925 | Orc:2    | Reached skill level 17 in Fighting
 16204 | Orc:2    | Found Dagriele's Antique Armour Boutique.
 16205 | Orc:2    | Found Mizaewag's Antique Weapon Boutique.
 16206 | Orc:2    | Found Tavaxug's General Store.
 16206 | Orc:2    | Found Mefrialu's Book Shop.
 16323 | Orc:2    | Bought a pair of embroidered gloves for 220 gold pieces
 16398 | Orc:2    | Got a distressingly furry ring mail {god gift}
 16409 | Orc:2    | Identified the +2 ring mail of the Republic {rC+ Regen+ Dex+4} (Okawaru gifted it to you on level 2 of the Orcish Mines)
 16465 | Orc:2    | Bought a crude ring mail for 189 gold pieces
 16476 | Orc:2    | Identified the cursed +0 ring mail "Ufuch" {rF- Int+6 Dex+3 SInv} (You bought it in a shop on level 2 of the Orcish Mines)
 17195 | Lair:4   | Found a staircase to the Shoals.
 17382 | Lair:4   | Reached XP level 14. HP: 140/140 MP: 17/17
 18423 | Lair:4   | Got a dazzling hand axe
 18424 | Lair:4   | Identified the +12 hand axe of Equilibrium {antimagic, rPois} (You found it on level 4 of the Lair of Beasts)
 18519 | Lair:5   | Received a gift from Okawaru
 19080 | Lair:6   | Entered Level 6 of the Lair of Beasts
 19272 | Lair:6   | Found a viscous altar of Jiyva.
 19272 | Lair:6   | Found a staircase to the Slime Pits.
 19283 | Lair:6   | Found a labyrinth entrance.
 19319 | Lab      | Entered a labyrinth
 19898 | Lab      | Reached skill level 18 in Fighting
 21735 | Lair:6   | Received a gift from Okawaru
 22001 | Lair:6   | Got a faintly glowing broad axe {god gift}
 22002 | Lair:6   | Identified the +7 broad axe "Demonslayer" {antimagic, MR- Int+3 Dex+3} (Okawaru gifted it to you on level 6 of the Lair of Beasts)
 22140 | Lair:6   | HP: 7/144 [catoblepas (7)]
 22142 | Lair:6   | HP: 1/144 [catoblepas (6)]
 22584 | Lair:6   | Reached skill level 10 in Dodging
 22584 | Lair:6   | Reached XP level 15. HP: 81/150 MP: 19/19
 22769 | Lair:6   | Received a gift from Okawaru
 23066 | Spider:1 | Entered Level 1 of the Spider Nest
 23234 | Spider:1 | Noticed Frances
 23244 | Spider:1 | Killed Frances
 23506 | Spider:1 | Reached skill level 19 in Fighting
 23690 | Spider:1 | You fall through a shaft!
 23879 | Spider:2 | Noticed Kirke
 23893 | Spider:2 | Killed Kirke
 23921 | Spider:2 | Received a gift from Okawaru
 24995 | Spider:3 | Received a gift from Okawaru
 25080 | Spider:3 | Noticed a ghost moth
 25090 | Spider:3 | Killed a ghost moth
 25306 | Spider:3 | Noticed Donald
 25328 | Spider:3 | Killed Donald
 25909 | Spider:4 | Entered Level 4 of the Spider Nest
 26084 | Spider:4 | Received a gift from Okawaru
 26144 | Spider:4 | Got a warped broad axe {god gift}
 26145 | Spider:4 | Identified the +1 broad axe of Okawaru's Supremacy {chop, rPois rC- Str+5 Stlth+} (Okawaru gifted it to you on level 4 of the Spider Nest)
 26177 | Spider:4 | Noticed a ghost moth
 26189 | Spider:4 | Killed a ghost moth
 26386 | Spider:4 | Reached XP level 16. HP: 127/162 MP: 22/22
 26497 | Spider:4 | Reached skill level 10 in Shields
 26523 | Spider:4 | Received a gift from Okawaru
 27279 | Spider:4 | Received a gift from Okawaru
 27295 | Spider:4 | Reached skill level 20 in Fighting
 27298 | Spider:4 | Mangled by an emperor scorpion

Skill      XL: |  1  2  3  4  5  6  7  8  9 10 11 12 13 14 15 16 |
---------------+-------------------------------------------------+-----
Armour         | 4 5 6 8 9 10 11 12 14 | 14.9
Fighting       | 4 5 6 7 8 10 12 13 14 16 17 18 19 20 | 20.0
Shields        | 4 5 6 7 9 11 | 11.0
Dodging        | 4 6 10 12 | 12.6
Axes           | 5 7 9 |  9.2
Invocations    | 2 4 6 7 9 |  9.5
Evocations     | 2 5 6 7 8 |  8.9

Action                   |  1- 3 |  4- 6 |  7- 9 | 10-12 | 13-15 | 16-18 || total
-------------------------+-------+-------+-------+-------+-------+-------++-------
Melee: War axe           |    66 |   178 |   245 |    98 |       |       ||   587
       Headbutt          |     8 |    30 |    52 |   153 |   324 |    39 ||   606
       Hand axe          |       |       |       |   258 |   279 |       ||   537
       Battleaxe         |       |       |       |   226 |   500 |       ||   726
       Flail             |       |       |       |       |    40 |       ||    40
       Broad axe         |       |       |       |       |    47 |   124 ||   171
       Dire flail        |       |       |       |       |     5 |       ||     5
Invok: Heroism           |       |       |       |     3 |     2 |       ||     5
       Finesse           |       |       |       |       |     1 |       ||     1
Evoke: Wand              |       |       |       |       |     3 |       ||     3
       Rod               |       |       |       |       |     2 |       ||     2
  Use: Potion            |       |       |     1 |     4 |     8 |     3 ||    16
       Scroll            |       |       |       |    24 |    10 |       ||    34
 Stab: Distracted        |       |       |     1 |       |     1 |       ||     2
       Sleeping          |       |       |       |     3 |     3 |       ||     6
       Petrified         |       |       |       |       |     3 |       ||     3
       Petrifying        |       |       |       |       |     2 |       ||     2
  Eat: Chunk             |       |     5 |     6 |    33 |    40 |     3 ||    87
       Beef jerky        |       |       |     1 |       |       |       ||     1
       Pizza             |       |       |     1 |     1 |       |       ||     2
       Meat ration       |       |       |     1 |       |       |       ||     1
       Fruit             |       |       |       |     8 |       |       ||     8
       Royal jelly       |       |       |       |     1 |       |       ||     1
Armor: Scale mail        |    40 |    94 |       |    95 |       |       ||   229
       Leather armour    |       |     8 |   113 |    42 |       |       ||   163
       Troll leather arm |       |       |       |    81 |       |       ||    81
       Crystal plate arm |       |       |       |     4 |   204 |       ||   208
       Plate armour      |       |       |       |     2 |       |       ||     2
       Ring mail         |       |       |       |       |   357 |    82 ||   439
Dodge: Dodged            |    33 |    65 |    80 |   373 |   855 |   209 ||  1615
Block: Shield            |    47 |    96 |   175 |   238 |   260 |   154 ||   970
